 Dungeon Crawl Stone Soup version 0.31-a0-1522-g43313d8a59 (webtiles) character file.

Game seed: 10526887706841878419

156 Aldia the Charlatan (level 5, -6/41 HPs)
             Began as a Gnoll Artificer on Dec 30, 2023.
             Mangled by an iguana (13 damage)
             ... on level 3 of the Dungeon.
             The game lasted 00:03:54 (1899 turns).

Aldia the Charlatan (Gnoll Artificer)               Turns: 1899, Time: 00:03:54

Health: -6/41      AC:  3    Str: 11    XL:     5   Next: 37%
Magic:  7/7        EV: 12    Int: 12    God:
Gold:   132        SH:  0    Dex: 13    Spells: 3/7 levels left

rFire   . . .        k - staff of death
rCold   . . .        (no shield)
rNeg    + . .        b - +0 leather armour
rPois   .            (no helmet)
rElec   .            (no cloak)
rCorr   .            (no gloves)
SInv    .            (no boots)
Will    .....        (no amulet)
Stlth   ++           (no ring)
HPRegen 0.26/turn    (no ring)
MPRegen 0.10/turn

%: no passive effects
@: no status effects
A: fangs 1, strong nose, distributed training
a: no special abilities


You were on level 3 of the Dungeon.
You visited 1 branch of the dungeon, and saw 3 of its levels.

You collected 132 gold pieces.

Inventory:

Hand Weapons
 i - a +0 dagger
Armour
 b - a +0 leather armour (worn)
Magical Staves
 k - a staff of death (weapon)
Talismans
 n - a blade talisman
Wands
 d - a wand of charming (15)
 e - a wand of iceblast (5)
Scrolls
 c - a scroll of fog {unknown}
 f - a scroll of teleportation {unknown}
 l - a scroll of revelation {unknown}
 m - a scroll of amnesia {unknown}
 o - a scroll of poison {unknown}
Potions
 a - a potion of enlightenment {unknown}
 g - a potion of brilliance
 h - a potion of degeneration {unknown}
 j - a potion of resistance


   Skills:
 + Level 3.0 Fighting
 + Level 1.5 Short Blades
 + Level 1.5 Long Blades
 + Level 1.5 Axes
 + Level 1.5 Maces & Flails
 + Level 1.5 Polearms
 + Level 1.5 Staves
 + Level 1.5 Ranged Weapons
 + Level 1.5 Throwing
 + Level 4.8 Armour
 + Level 3.0 Dodging
 + Level 2.8 Stealth
 + Level 1.5 Shields
 + Level 1.5 Unarmed Combat
 + Level 1.5 Spellcasting
 + Level 1.2 Conjurations
 + Level 1.2 Hexes
 + Level 1.2 Summonings
 + Level 1.2 Necromancy
 + Level 1.2 Translocations
 + Level 1.2 Fire Magic
 + Level 1.2 Ice Magic
 + Level 1.2 Air Magic
 + Level 1.2 Earth Magic
 + Level 1.2 Alchemy
 + Level 1.7 Invocations
 + Level 6.7 Evocations
 + Level 1.4 Shapeshifting


You had 3 spell levels left.
You knew the following spells:

 Your Spells              Type           Power      Damage    Failure   Level
a - Summon Small Mammal   Summ           12%        N/A       22%         1
b - Call Canine Familiar  Summ           3%         N/A       54%         3

Your spell library contained the following spells:

 Spells                   Type           Power      Damage    Failure   Level
 Jinxbite                 Hex            6%         N/A       32%         2
 Summon Blazeheart Golem  Fire/Summ      3%         N/A       91%         4
 Yara's Violent Unravell  Hex/Alch       1%         3d3       99%         5
 Enfeeble                 Hex            1%         N/A       100%        7


Dungeon Overview and Level Annotations

Branches:
Dungeon (3/15)

Altars:
Makhleb


Innate Abilities, Weirdness & Mutations

You have very sharp teeth.
Your uncanny sense of smell can sniff out nearby items.
Your experience applies equally to all skills.


Message History

You kill the giant cockroach!
No target in view!
No target in view!
An iguana comes into view.
The iguana hisses angrily.
The iguana closely misses you.
You closely miss the iguana. The iguana bites you.
You closely miss the iguana. The iguana barely misses you.
You closely miss the iguana. The iguana bites you. x2
You hit the iguana.
The iguana is lightly wounded.
The iguana barely misses you.
You hit the iguana but do no damage.
The iguana is lightly wounded.
The iguana bites you!
You hit the iguana but do no damage.
The iguana writhes in agony.
The iguana is moderately wounded.
The iguana barely misses you.
You hit the iguana but do no damage.
The iguana writhes in agony.
The iguana is moderately wounded.
The iguana barely misses you.
You closely miss the iguana. You punch the iguana.
The iguana is heavily wounded.
The iguana bites you.
You are too injured to fight recklessly!
You are too injured to fight recklessly!
You are too injured to fight recklessly!
You completely miss the iguana.
The iguana is heavily wounded.
The iguana closely misses you.
You barely miss the iguana. You punch the iguana, but do no damage.
You bite the iguana, but do no damage.
The iguana is heavily wounded.
The iguana bites you!
* * * LOW HITPOINT WARNING * * *
Okay, then.
You barely miss the iguana.
The iguana is heavily wounded.
The iguana bites you!
You die...

#.#.##..##<..####.#.###.#
##.#.#....>..........#
#.............####.......
##.#......#...# #..#.#...
∆ ########...### #..#.#
.. #...# #..... #...#
##.##.# #...# .# #>@.# ..
#.l.# #...# ∆.....
....... .........
####...##.# #...# ..


You could see an iguana.

Vanquished Creatures
  A black bear (D:2)
  An adder skeleton (D:2)
  6 dart slugs
  A ribbon worm (D:2)
  An orc (D:3)
  A bat (D:1)
  4 endoplasms
  6 giant cockroaches
  3 goblins
  8 hobgoblins
  4 kobolds
  3 ball pythons
  A ball python skeleton (D:2)
  A quokka skeleton (D:2)
  4 rats
45 creatures vanquished.

Notes
Turn   | Place    | Note
-------+----------+-------------------------------------------
     0 | D:1      | Aldia the Gnoll Artificer began the quest for the Orb.
     0 | D:1      | Reached XP level 1. HP: 17/17 MP: 1/1
   124 | D:1      | Reached XP level 2. HP: 23/23 MP: 2/2
   394 | D:1      | Found a faded altar of an unknown god.
   394 | D:1      | Noticed a hellwing
   458 | D:1      | Reached XP level 3. HP: 19/28 MP: 3/3
   975 | D:2      | Reached skill level 1 in Invocations
   993 | D:2      | Noticed a black bear
  1026 | D:2      | Killed a black bear
  1027 | D:2      | Reached skill level 1 in Short Blades
  1027 | D:2      | Reached skill level 1 in Long Blades
  1027 | D:2      | Reached skill level 1 in Axes
  1027 | D:2      | Reached skill level 1 in Maces & Flails
  1027 | D:2      | Reached skill level 1 in Polearms
  1027 | D:2      | Reached skill level 1 in Staves
  1027 | D:2      | Reached skill level 1 in Ranged Weapons
  1027 | D:2      | Reached skill level 1 in Throwing
  1027 | D:2      | Reached skill level 1 in Shields
  1027 | D:2      | Reached skill level 1 in Unarmed Combat
  1027 | D:2      | Reached skill level 1 in Spellcasting
  1027 | D:2      | Reached skill level 1 in Conjurations
  1027 | D:2      | Reached skill level 1 in Hexes
  1027 | D:2      | Reached skill level 1 in Summonings
  1027 | D:2      | Reached skill level 1 in Necromancy
  1027 | D:2      | Reached skill level 1 in Translocations
  1027 | D:2      | Reached skill level 1 in Fire Magic
  1027 | D:2      | Reached skill level 1 in Ice Magic
  1027 | D:2      | Reached skill level 1 in Air Magic
  1027 | D:2      | Reached skill level 1 in Earth Magic
  1027 | D:2      | Reached skill level 1 in Alchemy
  1027 | D:2      | Reached skill level 1 in Shapeshifting
  1027 | D:2      | Reached XP level 4. HP: 17/34 MP: 4/6
  1027 | D:2      | Reached XP level 5. HP: 20/40 MP: 4/7
  1035 | D:2      | Learned a level 1 spell: Summon Small Mammal
  1039 | D:2      | Learned a level 3 spell: Call Canine Familiar
  1141 | D:2      | Found a burning altar of Makhleb.
  1899 | D:3      | Mangled by an iguana

Illustrated notes

Levels and vault maps discovered:
D:1:      dpeg_arrival_court, layout_basic,
          dreamdust_ecumenical_altar_sealed_demon,
          nicolae_twisty_statue_hallways
D:2:      layout_basic, serial_undead, serial_undead_b, serial_undead_c,
          serial_undead_c, serial_undead_b, serial_undead_c, serial_undead_d,
          basic_altar
D:3:      layout_loops_cross, mainiacjoe_overflow_boulevard,
          minmay_misc_feat_chi

Skill      XL: |  1  2  3  4  5 |
---------------+----------------+-----
Invocations    | 1 |  1.7
Short Blades   | 1 |  1.5
Long Blades    | 1 |  1.5
Axes           | 1 |  1.5
Maces & Flails | 1 |  1.5
Polearms       | 1 |  1.5
Staves         | 1 |  1.5
Ranged Weapons | 1 |  1.5
Throwing       | 1 |  1.5
Shields        | 1 |  1.5
Unarmed Combat | 1 |  1.5
Spellcasting   | 1 |  1.5
Conjurations   | 1 |  1.2
Hexes          | 1 |  1.2
Summonings     | 1 |  1.2
Necromancy     | 1 |  1.2
Translocations | 1 |  1.2
Fire Magic     | 1 |  1.2
Ice Magic      | 1 |  1.2
Air Magic      | 1 |  1.2
Earth Magic    | 1 |  1.2
Alchemy        | 1 |  1.2
Shapeshifting  | 1 |  1.4
Fighting       | 3 |  3.0
Dodging        | 3 |  3.0
Armour         | |  4.8
Stealth        | |  2.8
Evocations     | |  6.7

Action                     |  1- 3 |  4- 6 || total
---------------------------+-------+-------++-------
  Melee: Club              |    24 |       ||    24
         Bite              |     7 |     5 ||    12
         Punch             |     2 |     2 ||     4
         Dagger            |    61 |       ||    61
         Unarmed           |    18 |     7 ||    25
         Staff             |       |    70 ||    70
  Evoke: Wand              |    15 |       ||    15
    Use: Scroll            |     1 |     2 ||     3
         Potion            |     1 |       ||     1
   Stab: Sleeping          |     1 |     2 ||     3
 Armour: Leather armour    |    42 |    33 ||    75
         Skin              |    52 |     2 ||    54
  Dodge: Dodged            |    61 |    39 ||   100

Table legend: (Time is in decaauts)
 A = Elapsed time spent in this place.
 B = Non-inter-level travel time spent in this place.
 C = Inter-level travel time spent in this place.
 D = Time resting spent in this place.
 E = Time spent auto-exploring this place.
 F = Levels seen in this place.
 G = Mean time per level.
                   A        B        C        D        E       F      G
               +--------+--------+--------+--------+--------+-----+--------+
         Total |   1910 |   1847 |     63 |      0 |   1446 |   3 |  636.7 |
       Dungeon |   1910 |   1847 |     63 |      0 |   1446 |   3 |  636.7 |
               +--------+--------+--------+--------+--------+-----+--------+

Top non-repeatable levels by time:
     D:2: 908 daAuts
     D:1: 862 daAuts
     D:3: 138 daAuts
